 Dungeon Sprint DCSS version 0.28-a0-199-g298df9dbad (webtiles) character file.

Game seed: 9890098772578149939

259 MikeHunt the Martial Artist (level 5, 0/38 HPs)
             Began as a Demonspawn Brigand on Aug 19, 2021.
             Was an Initiate of Okawaru.
             Slain by a human (8 damage)
             ... in the Dungeon (Sprint III: "The Ten Rune Challenge").
             The game lasted 00:03:49 (445 turns).

MikeHunt the Martial Artist (Demonspawn Brigand)     Turns: 445, Time: 00:03:50

Health: 0/38       AC:  4    Str: 13    XL:     5   Next: 94%
Magic:  5/5        EV: 14    Int: 13    God:    Okawaru [......]
Gold:   16         SH:  0    Dex: 15    Spells: 4/4 levels left

rFire   . . .      SeeInvis .     - Unarmed
rCold   . . .      Faith    .   (no shield)
rNeg    . . .      Spirit   .   b - +0 robe
rPois   .          Reflect  .   (helmet restricted)
rElec   .          Harm     .   m - +0 cloak
rCorr   .          Rampage  .   (no gloves)
Will    +....      NoTele   +   (no boots)
Stlth   ++........              (no amulet)
HPRegen 0.12/turn               (no ring)
MPRegen 0.09/turn               (no ring)

@: mighty
A: talons 1, sharp scales 1, demonic magic 2, horns 1, strong-willed 1, strong
1, MP-powered wands
a: Renounce Religion


You were in the Dungeon.
You worshipped Okawaru.
Okawaru was noncommittal.
You visited 1 branch You collected 16 gold pieces.

Inventory:

Hand Weapons
 a - a +2 dagger
 d - a +4 quarterstaff of chaos
Missiles
 e - a curare-tipped dart
 n - 7 poisoned darts (quivered)
Armour
 b - a +0 robe (worn)
 c - a +0 cloak
 m - a +0 cloak (worn)
Scrolls
 p - 2 scrolls of torment
Potions
 f - a potion of curing
 i - 2 potions of magic
 l - a potion of ambrosia {unknown}
 o - 2 potions of mutation
 r - a potion of might
 s - a potion of flight


   Skills:
 - Level 2.0 Fighting
 - Level 1.7 Short Blades
 - Level 6.0 Throwing
 + Level 4.7 Dodging
 - Level 3.6 Stealth
 + Level 8.3 Unarmed Combat


You had 4 spell levels left.
You didn't know any spells.
Your spell library was empty.

Dungeon Overview and Level Annotations

Branches:
Dungeon (1/1)

Altars:
Okawaru
Trog
Uskayaw
Wu Jian
Beogh


Innate Abilities, Weirdness & Mutations

You have sharp toenails.
You are partially covered in razor-sharp scales. (AC +1, Slay +1)
Spells you cast may paralyse nearby enemies.
You have a pair of small horns on your head.
You are strong-willed. (Will+)
Your muscles are strong. (Str +2)
You expend magic power (3 MP) to strengthen your wands.


Message History

You barely miss the human. You headbutt the human.
The human is lightly wounded.
Your extra speed is starting to run out.
The human hits you.
You see here a rat skeleton.
The human closely misses you.
There is an open door here.
You hit the human. Your headbutt misses the human.
The human is moderately wounded.
You closely miss the human.
The human is moderately wounded.
You feel yourself slow down. The human hits you.
You hit the human.
The human is heavily wounded.
You punch the human! Your kick misses the human.
The human is almost dead.
The human hits you. x2
You punch the human!
You kill the human!
Okawaru is honoured by your kill. The human hits you.
* * * LOW HITPOINT WARNING * * *
Your Dodging skill gained 4 levels and is now at level 4!
Your Unarmed Combat skill gained 2 levels and is now at level 8!
You have reached level 5!
Your demonic ancestry asserts itself...
Your magic grows more menacing.
Okay, then.
Unknown command.
Okay, then.
Unknown command.
Unknown command.
Okay, then.
Unknown command.
Unknown command.
You punch the human!
The human is heavily wounded.
The human hits you!
You die...

▓▓▓▓▓▓▓▓▓▓▓▓ ▓▓▓
▓<.#..'....♣ ♣.#
▓..#..#....♣♣♣ ♣.#
▓#'####......♣ ♣♣.#
▓....@#....≈♣♣ ♣..###+
▓....p#...≈≈.♣♣♣..#...
▓.....#..≈≈≈≈♣.♣..'.⌠.
▓####'#..≈≈≈≈≈≈♣♣p#...
▓[..)÷#.≈≈≈≈≈≈....#.⌠.
▓.....#.≈≈≈≈≈.....#...
▓.....#.≈≈≈.......#+##
▓'#####...........#
▓.÷.÷.............#


You could see a human (strong).

Vanquished Creatures
  A water elemental (D)
  Crazy Yiuf (D)
  Jessica (D)
  2 humans (D)
  2 endoplasms (D)
  A rat (D)
8 creatures vanquished.

Notes
Turn   | Place    | Note
-------+----------+-------------------------------------------
     0 | D        | MikeHunt the Demonspawn Brigand began the quest for the
                  | Orb.
     0 | D        | Reached XP level 1. HP: 16/16 MP: 1/1
     7 | D        | Reached skill level 1 in Unarmed Combat
    16 | D        | Noticed Jessica
    20 | D        | Killed Jessica
    21 | D        | Reached skill level 3 in Unarmed Combat
    21 | D        | Gained mutation: You have sharp toenails. [demonic
                  | ancestry]
    21 | D        | Reached XP level 2. HP: 16/22 MP: 2/2
    21 | D        | Gained mutation: Spells you cast may paralyse adjacent
                  | enemies. [demonic ancestry]
    21 | D        | Reached XP level 3. HP: 20/27 MP: 3/3
   107 | D        | Noticed Crazy Yiuf
   124 | D        | Killed Crazy Yiuf
   125 | D        | Reached skill level 5 in Throwing
   125 | D        | Reached skill level 4 in Unarmed Combat
   178 | D        | Reached skill level 5 in Unarmed Combat
   178 | D        | Gained mutation: You are partially covered in razor-sharp
                  | scales. (AC +1, Slay +1) [demonic ancestry]
   178 | D        | Reached XP level 4. HP: 23/33 MP: 4/4
   215 | D        | Gained mutation: You expend magic power (3 MP) to
                  | strengthen your wands. [potion of mutation]
   215 | D        | Gained mutation: You have a pair of small horns on your
                  | head. [potion of mutation]
   215 | D        | Gained mutation: Your muscles are strong. (Str +2) [potion
                  | of mutation]
   215 | D        | Gained mutation: You are strong-willed. (Will+) [potion of
                  | mutation]
   264 | D        | Noticed a water elemental
   268 | D        | Killed a water elemental
   269 | D        | Reached skill level 6 in Unarmed Combat
   384 | D        | Found a hide-covered altar of Uskayaw.
   384 | D        | Found an iron altar of Okawaru.
   385 | D        | Found a bloodstained altar of Trog.
   385 | D        | Found an ornate altar of the Wu Jian Council.
   385 | D        | Noticed a human
   385 | D        | Noticed a human
   388 | D        | Became a worshipper of Warmaster Okawaru
   443 | D        | Killed a human
   444 | D        | Reached skill level 8 in Unarmed Combat
   444 | D        | Gained mutation: Spells you cast may paralyse nearby
                  | enemies. [demonic ancestry]
   444 | D        | Reached XP level 5. HP: 8/38 MP: 5/5
   445 | D        | Slain by a human

Illustrated notes

Levels and vault maps discovered:
D:        dungeon_sprint_mu [sprint_mu_entry_forest, sprint_mu_temple_rooms,
          sprint_mu_d1_spiders, sprint_mu_d2_genie, sprint_mu_d3_branching,
          sprint_mu_orc_legion, sprint_mu_elf_gauntlet, sprint_mu_hive_nellie,
          sprint_mu_lair_fedhas, sprint_mu_vaults_butterflies,
          sprint_mu_slime_circle, sprint_mu_shoals_kraken,
          sprint_mu_snake_twists, sprint_mu_blade_basic,
          sprint_mu_crypt_fortress, sprint_mu_tomb_spiral,
          sprint_mu_vestibule_basic, sprint_mu_gehenna_hellfire,
          sprint_mu_dis_giant, sprint_mu_tartarus_statrot,
          sprint_mu_cocytus_islands, sprint_mu_zot1]

Skill      XL: |  1  2  3  4 |
---------------+-------------+-----
Throwing       | 4 5 6 |  6.0
Unarmed Combat | 3 5 8 |  8.3
Dodging        | 4 |  4.7
Fighting       | |  2.0
Short Blades   | |  1.7
Stealth        | |  3.6

Action                   |  1- 3 |  4- 6 || total
-------------------------+-------+-------++-------
Melee: Dagger            |     7 |       ||     7
       Unarmed           |     2 |     9 ||    11
       Headbutt          |       |     3 ||     3
       Kick              |       |     1 ||     1
Throw: Dart              |    14 |       ||    14
  Use: Potion            |       |     5 ||     5
       Scroll            |       |     4 ||     4
 Stab: Sleeping          |     1 |       ||     1
Armor: Robe              |     3 |     1 ||     4
Dodge: Dodged            |     5 |     3 ||     8

Table legend: (Time is in decaauts)
 A = Elapsed time spent in this place.
 B = Non-inter-level travel time spent in this place.
 C = Inter-level travel time spent in this place.
 D = Time resting spent in this place.
 E = Time spent auto-exploring this place.
 F = Levels seen in this place.
 G = Mean time per level.
                   A        B        C        D        E       F      G
               +--------+--------+--------+--------+--------+-----+--------+
         Total |    436 |    436 |      0 |    214 |      0 |   1 |  436.0 |
       Dungeon |    436 |    436 |      0 |    214 |      0 |   1 |  436.0 |
               +--------+--------+--------+--------+--------+-----+--------+

Top non-repeatable levels by time:
       D: 436 daAuts
